Map: Cactus Valley LE (Void)

Players

Musumeci

  • Race: Zerg Zerg
  • League: Diamond
  • Spawn Location: 5:00

Williamrn - Winner!

  • Race: Protoss Protoss
  • League: Diamond
  • Spawn Location: 7:00

VOD

Have the link to the VOD?

Description

Time

  • Played on: March 8, 2017, 2:39 p.m.
  • Length: 14:19
Show
View Real Time Build Order
Export as new Build Order

Musumeci Zerg 

Build Orders: 3 Hatch before Pool 

Get SALT Encoding   

  12  0:08  Drone  
  12  0:11  Drone  
  14  0:16  Extractor  
  14  0:17  Drone  
  15  0:41  Hatchery  
  14  0:44  Extractor  
  14  0:47  Drone  
  14  1:15  Hatchery  
  14  1:16  Evolution Chamber  
  13  1:22  Spawning Pool  
  12  1:26  Drone x2  
  14  1:37  Overlord  
  14  2:00  Drone x4  
  18  2:08  Metabolic Boost  
  18  2:14  Zergling x2  
  19  2:17  Zergling x2  
  20  2:32  Zergling x6  
  23  2:46  Evolution Chamber, Zergling x4  
  23  2:47  Zergling x2  
  24  2:56  Baneling Nest  
  21  3:22  Zergling x10  
  21  3:23  Zergling x2  
  27  3:40  Baneling x6  
  27  3:41  Zergling x2  
  27  3:44  Overlord  
  28  4:03  Zergling x2  
  28  4:04  Zergling x6  
  25  4:31  Zergling x2  
  25  4:32  Zergling x10  
  26  4:48  Baneling  
  25  4:57  Zergling x8  
  25  5:15  Zergling x6  
  25  5:16  Zergling x2  
  29  5:25  Baneling x5  
  19  5:48  Zergling x12  
  25  5:50  Baneling x2  
  25  5:52  Baneling  
  23  6:27  Zergling x12  
  21  7:04  Zergling x12  
  26  7:16  Zergling x4  
  27  7:26  Spore Crawler  
  23  7:39  Overlord  
  23  7:40  Overlord  
  23  7:48  Spore Crawler  
  20  8:01  Overlord x2  
  20  8:03  Drone x3  
  23  8:14  Drone x2  
  25  8:24  Zergling x2  
  26  8:38  Zergling x6  
  25  8:49  Zergling x4  
  27  8:58  Queen  
  27  8:59  Queen  
  27  9:01  Drone  
  32  9:08  Drone  
  32  9:09  Drone x2  
  34  9:19  Drone  
  34  9:20  Drone  
  35  9:33  Drone x2  
  37  9:48  Roach Warren  
  36  9:53  Spore Crawler  
  36  9:56  Spore Crawler  
  31  10:21  Drone x4  
  32  10:25  Drone  
  32  10:26  Drone x7  
  32  10:27  Extractor  
  42  10:54  Overlord x4  
  35  11:33  Baneling x2  
  35  11:35  Roach x6  
  46  12:05  Overlord x2  
  44  12:14  Overlord  
  44  12:18  Extractor  
  44  12:20  Extractor  
  42  12:24  Ravager x6  
  42  12:26  Roach  
  42  12:28  Zergling x2  
  51  12:32  Overlord  
  51  12:41  Queen  
  50  12:46  Zergling x8  
  50  12:47  Zergling x8  
  52  12:59  Queen  
  52  13:01  Zergling x4  
  52  13:05  Baneling x2  
  56  13:08  Ravager  
  57  13:19  Baneling x6  
  51  13:24  Baneling x3  
  36  13:48  Zergling x12  
Show
View Real Time Build Order
Export as new Build Order

Williamrn Protoss - Winner!

Build Orders:  

Get SALT Encoding   

  12  0:00  Probe (Chrono Boost)  
  13  0:11  Probe (Chrono Boost)  
  14  0:19  Pylon  
  14  0:23  Probe (Chrono Boost)  
  15  0:38  Probe (Chrono Boost)  
  15  0:40  Gateway  
  16  0:48  Probe (Chrono Boost)  
  17  0:51  Assimilator  
  17  0:59  Probe (Chrono Boost)  
  18  1:09  Probe (Chrono Boost)  
  19  1:18  Gateway  
  19  1:20  Probe (Chrono Boost)  
  20  1:29  Cybernetics Core  
  20  1:32  Probe (Chrono Boost)  
  21  1:39  Pylon  
  21  1:43  Probe (Chrono Boost)  
  22  1:53  Probe (Chrono Boost)  
  23  2:04  Adept x2  
  23  2:05  Probe (Chrono Boost)  
  28  2:17  Warp Gate  
  28  2:32  Probe (Chrono Boost)  
  28  2:35  Assimilator  
  28  2:36  Pylon  
  29  2:38  Adept  
  31  2:50  Adept  
  31  2:56  Probe (Chrono Boost)  
  33  3:06  Nexus  
  33  3:08  Probe (Chrono Boost)  
  32  3:18  Probe (Chrono Boost)  
  31  3:28  Pylon  
  31  3:29  Stalker, Probe (Chrono Boost)  
  34  3:41  Probe (Chrono Boost)  
  35  3:45  Stargate  
  35  3:51  Probe (Chrono Boost)  
  36  3:59  Assimilator  
  36  4:02  Probe (Chrono Boost)  
  37  4:04  Adept x2  
  41  4:10  Pylon  
  41  4:12  Probe (Chrono Boost)  
  39  4:26  Mothership Core (Chrono Boost)  
  30  5:03  Pylon  
  30  5:09  Pylon  
  26  5:28  Adept  
  28  5:38  Gateway  
  21  5:46  Probe x2 (Chrono Boost)  
  20  6:03  Phoenix  
  22  6:18  Adept  
  24  6:30  Probe x2 (Chrono Boost)  
  26  6:40  Probe (Chrono Boost)  
  26  6:41  Probe (Chrono Boost)  
  24  6:54  Gateway  
  20  7:03  Probe (Chrono Boost)  
  20  7:04  Probe (Chrono Boost)  
  22  7:14  Probe (Chrono Boost)  
  23  7:21  Probe (Chrono Boost)  
  24  7:25  Probe (Chrono Boost)  
  25  7:36  Phoenix  
  27  7:40  Probe (Chrono Boost)  
  28  7:46  Probe (Chrono Boost)  
  29  7:54  Probe (Chrono Boost)  
  29  7:57  Probe (Chrono Boost)  
  31  8:01  Phoenix  
  33  8:16  Probe x2 (Chrono Boost)  
  35  8:26  Probe x2 (Chrono Boost)  
  37  8:37  Adept, Probe (Chrono Boost)  
  37  8:38  Adept  
  42  8:51  Gateway  
  42  8:54  Probe x2 (Chrono Boost)  
  42  8:55  Phoenix  
  46  9:08  Probe x2 (Chrono Boost)  
  48  9:13  Sentry  
  50  9:18  Probe x2 (Chrono Boost)  
  50  9:22  Assimilator  
  52  9:29  Probe x2 (Chrono Boost)  
  52  9:30  Phoenix  
  56  9:39  Probe x2 (Chrono Boost)  
  56  9:42  Adept  
  60  9:50  Probe x2 (Chrono Boost)  
  62  9:55  Phoenix  
  64  10:00  Probe (Chrono Boost)  
  65  10:10  Robotics Facility, Probe (Chrono Boost)  
  65  10:11  Twilight Council, Probe (Chrono Boost)  
  67  10:21  Probe (Chrono Boost)  
  68  10:26  Phoenix  
  70  10:33  Pylon  
  70  10:36  Pylon  
  70  10:47  Nexus  
  70  10:49  Pylon  
  70  10:51  Pylon  
  70  10:53  Resonating Glaives  
  70  10:58  Probe (Chrono Boost)  
  70  11:01  Immortal  
  72  11:05  Probe (Chrono Boost)  
  76  11:12  Adept  
  76  11:13  Adept  
  78  11:28  Probe (Chrono Boost)  
  78  11:29  Probe (Chrono Boost)  
  80  11:35  Adept, Immortal  
  80  11:36  Adept  
  80  11:39  Probe (Chrono Boost)  
  85  11:41  Probe (Chrono Boost)  
  90  11:50  Probe (Chrono Boost)  
  90  11:54  Probe (Chrono Boost)  
  85  12:04  Probe (Chrono Boost)  
  85  12:05  Pylon  
  85  12:06  Probe (Chrono Boost)  
  87  12:13  Adept x2  
  87  12:15  Probe x2 (Chrono Boost)  
  93  12:17  Gateway x2  
  93  12:20  Gateway  
  93  12:22  Gateway  
  93  12:26  Forge  
  94  12:30  Probe x2 (Chrono Boost)  
  94  12:32  Probe (Chrono Boost)  
  96  12:40  Probe (Chrono Boost)  
  96  12:41  Probe (Chrono Boost)  
  99  12:44  Probe (Chrono Boost)  
  97  12:54  Probe (Chrono Boost)  
  97  12:56  Probe (Chrono Boost)  
  103  13:00  Adept x2  
  103  13:03  Probe (Chrono Boost)  
  109  13:06  Probe (Chrono Boost)  
  109  13:08  Gateway  
  109  13:11  Gateway, Templar Archives  
  104  13:22  Immortal  
  102  13:29  Pylon  
  102  13:33  Adept x4  
  97  13:54  Adept  
  97  13:55  Adept x3  
  105  13:56  Adept  
  109  14:17  Pylon  
Tags
 
Add a new tag
Caveats
  • Supply blocks, unpowered buildings, or Contaminate may cause inaccurate times.
  • Supply counts are checked every 10 seconds.